 Dungeon Crawl Stone Soup version 0.28.0 (webtiles) character file.

Game seed: 9125869899955391963

252 Sanktem7 the Chopper (level 6, 0/56 HPs)
             Began as a Hill Orc Fighter on Feb 11, 2022.
             Slain by a frilled lizard (2 damage)
             ... on level 3 of the Dungeon.
             The game lasted 00:03:52 (3173 turns).

Sanktem7 the Chopper (Hill Orc Fighter)             Turns: 3173, Time: 00:03:52

Health: 0/56       AC:  7    Str: 21    XL:     6   Next: 13%
Magic:  6/6        EV:  9    Int:  8    God:
Gold:   107        SH:  4    Dex: 10    Spells: 5/5 levels left

rFire   . . .      SeeInvis +   a - +0 war axe
rCold   . . .      Faith    .   c - +0 buckler
rNeg    . . .      Spirit   .   b - +0 scale mail
rPois   .          Reflect  .   (no helmet)
rElec   .          Harm     .   (no cloak)
rCorr   .          Rampage  .   (no gloves)
Will    .....                   (no boots)
Stlth   ..........              (no amulet)
HPRegen 0.18/turn               j - ring of see invisible
MPRegen 0.10/turn               (no ring)

@: no status effects
A: no striking features
a: no special abilities


You were on level 3 of the Dungeon.
You visited 1 branch of the dungeon, and saw 3 of its levels.

You collected 107 gold pieces.

Inventory:

Hand Weapons
 a - a +0 war axe (weapon)
Armour
 b - a +0 scale mail (worn)
 c - a +0 buckler (worn)
Jewellery
 j - a ring of see invisible (left hand)
Scrolls
 i - 2 scrolls of enchant armour {unknown}
 k - 4 scrolls of identify {unknown}
 l - a scroll of immolation {unknown}
Potions
 d - a potion of might
 e - a potion of mutation {unknown}
 f - a potion of curing {unknown}
 g - a potion of invisibility {unknown}
 h - a potion of brilliance {unknown}


   Skills:
 * Level 5.2 Fighting
 * Level 5.6 Axes
 * Level 4.7 Armour
 + Level 0.3 Dodging
 - Level 3.2 Shields


You had 5 spell levels left.
You didn't know any spells.
Your spell library contained the following spells:

 Spells                   Type           Power      Damage    Failure   Level
 Static Discharge         Conj/Air       0%         N/A       92%         2
 Dispel Undead            Necr           0%         3d6       100%        4
 Sticky Flame             Conj/Fire      0%         2d3       100%        4


Dungeon Overview and Level Annotations

Branches:
Dungeon (3/15)

Altars:


Message History

The sky beast is severely wounded.
The sky beast hits you but does no damage.
You barely miss the sky beast.
The sky beast is severely wounded.
The sky beast barely misses you.
You closely miss the sky beast.
The sky beast is severely wounded.
The sky beast hits you but does no damage.
The sky beast flickers out of sight for a moment.
The sky beast hits you.
* * * LOW HITPOINT WARNING * * *
The sky beast shocks you.
* * * LOW HITPOINT WARNING * * *
You slash the sky beast!
The sky beast is almost dead.
You block the sky beast's attack.
You hit the sky beast but do no damage.
The sky beast is almost dead.
You block the sky beast's attack.
You hit the sky beast but do no damage.
The sky beast is almost dead.
The sky beast hits you but does no damage.
You closely miss the sky beast.
The sky beast is almost dead.
The sky beast hits you.
* * * LOW HITPOINT WARNING * * *
The sky beast shocks you.
* * * LOW HITPOINT WARNING * * *
You block the sky beast's attack.
You slash the sky beast!
You kill the sky beast!
Your Axes skill increases to level 5!
You have reached level 6!
You closely miss the frilled lizard. The frilled lizard barely misses you.
You block the frilled lizard's attack.
You barely miss the frilled lizard.
The frilled lizard bites you but does no damage.
You barely miss the frilled lizard. The frilled lizard misses you.
You miss the frilled lizard. The frilled lizard bites you.
You die...

#.# #........#...
#.. #.##.....#.##
..# #.....#..# ..
#......... #.#
#...#.#.## #..
.......+.#...
#..###
####...######
#..l.# #...#.....
#.##@# #...#†####
# #.# #...#...#
#.#############.#
#.##.......# #.#
#.##...>...####.#
#..'.......'..#.#
####.......##.#.#
##########.#.#
#.#.#


You could see a frilled lizard.

Vanquished Creatures
  A sky beast (D:3)
  A hound (D:3)
  7 adders
  A worm (D:3)
  3 dart slugs
  3 bats
  4 endoplasms
  2 giant cockroaches
  5 goblins
  8 hobgoblins
  3 quokkas
  2 ball pythons
  5 frilled lizards
  3 kobolds (D:1)
  7 rats
55 creatures vanquished.

Notes
Turn   | Place    | Note
-------+----------+-------------------------------------------
     0 | D:1      | Sanktem7 the Hill Orc Fighter began the quest for the Orb.
     0 | D:1      | Reached XP level 1. HP: 19/19 MP: 1/1
   380 | D:1      | Reached XP level 2. HP: 26/27 MP: 2/2
   855 | D:1      | Reached XP level 3. HP: 33/34 MP: 3/3
  1041 | D:2      | Found a faded altar of an unknown god.
  1273 | D:2      | Reached XP level 4. HP: 39/41 MP: 4/4
  2613 | D:3      | Reached skill level 5 in Fighting
  2613 | D:3      | Reached XP level 5. HP: 45/48 MP: 5/5
  3130 | D:3      | Noticed a sky beast
  3168 | D:3      | HP: 1/48 [sky beast (6)]
  3169 | D:3      | Killed a sky beast
  3170 | D:3      | Reached skill level 5 in Axes
  3170 | D:3      | Reached XP level 6. HP: 2/56 MP: 6/6
  3173 | D:3      | Slain by a frilled lizard

Illustrated notes

Levels and vault maps discovered:
D:1:      dpeg_arrival_lava_temple_mockup, layout_basic, minmay_hexomino_f4
D:2:      layout_basic, ebering_ecumenical_altar_sacrificial, dk_noncrumbling_3
D:3:      layout_basic, due_unseen_surprise

Skill      XL: |  1  2  3  4  5 |
---------------+----------------+-----
Axes           | 3 4 5 |  5.6
Fighting       | 4 5 |  5.2
Armour         | 4 |  4.7
Dodging        | |  0.3
Shields        | |  3.2

Action                   |  1- 3 |  4- 6 || total
-------------------------+-------+-------++-------
Melee: War axe           |   125 |   114 ||   239
Armor: Scale mail        |    61 |    57 ||   118
Dodge: Dodged            |    81 |    57 ||   138
Block: Buckler           |    30 |    25 ||    55
